 Dungeon Crawl Stone Soup version 0.29.1-14-g9c671dbff4 (webtiles) character file.

Game seed: 908186710438192948

493 sanboga the Trooper (level 7, -2/75 HPs)
             Began as an Ogre Berserker on Feb 8, 2023.
             Was a Believer of Trog.
             Slain by a human zombie (7 damage)
             ... in an ossuary on Feb 12, 2023.
             The game lasted 00:04:21 (3122 turns).

sanboga the Trooper (Ogre Berserker)                Turns: 3122, Time: 00:04:22

Health: -2/75      AC:  5    Str: 21 (24) XL:     7   Next: 15%
Magic:  7/7        EV: 11    Int: 11 (14) God:    Trog [**....]
Gold:   144        SH:  0    Dex: 12 (14) Spells: 6/6 levels left

rFire   . . .      SeeInvis .   a - +0 mace
rCold   . . .      Faith    .   (no shield)
rNeg    . . .      Spirit   .   b - +0 animal skin
rPois   .          Reflect  .   (helmet restricted)
rElec   .          Harm     .   o - +1 cloak
rCorr   .          Rampage  .   (gloves unavailable)
Will    .....                   (boots unavailable)
Stlth   +.........              (no amulet)
HPRegen 0.22/turn               h - +6 ring of dexterity
MPRegen 0.10/turn               e - +6 ring of intelligence

@: mighty, marked, on berserk cooldown, slowed, very slow
A: large, unfitting armour, tough skin 1
a: Renounce Religion, Berserk, Trog's Hand


You were in an ossuary.
You worshipped Trog.
Trog was pleased with you.
You visited 1 branch of the dungeon, and saw 4 of its levels.
You also visited: Ossuary.

You collected 144 gold pieces.

Inventory:

Hand Weapons
 a - a +0 mace (weapon)
Armour
 b - a +0 animal skin (worn)
 o - a +1 cloak (worn)
Jewellery
 e - a +6 ring of intelligence (right hand)
 h - a +6 ring of dexterity (left hand)
 r - a ring of poison resistance
Scrolls
 f - 2 scrolls of teleportation {unknown}
 i - a scroll of immolation {unknown}
 j - a scroll of identify
 l - a scroll of brand weapon {unknown}
 m - 2 scrolls of enchant weapon {unknown}
 n - a scroll of noise {unknown}
 p - a scroll of blinking {unknown}
 s - a scroll of poison
Potions
 c - a potion of degeneration
 g - a potion of resistance
 k - a potion of magic {unknown}
 q - 2 potions of lignification {unknown}
 t - a potion of curing {unknown}


   Skills:
 + Level 6.1 Fighting
 * Level 5.4 Maces & Flails
 + Level 4.2 Dodging


You had 6 spell levels left.
You didn't know any spells.
Your spell library was empty.

Dungeon Overview and Level Annotations

Branches:
Dungeon (4/15)            Ossuary (1/1)
 Temple: D:4-7

Altars:
Uskayaw


Innate Abilities, Weirdness & Mutations

You are too large for most types of armour.
You have tough skin. (AC +1)


Message History

The mummy is heavily damaged.
The goblin zombie closely misses you.
The kobold zombie hits you but does no damage.
The human zombie completely misses you. The mummy hits you!
* * * LOW HITPOINT WARNING * * *
The hobgoblin zombie hits you but does no damage.
You sock the mummy!
You destroy the mummy!
Trog accepts your kill. The goblin zombie closely misses you.
The kobold zombie hits you but does no damage.
The human zombie closely misses you. The hobgoblin zombie hits you.
* * * LOW HITPOINT WARNING * * *
The goblin zombie hits you but does no damage.
As you read the scroll of identify, it crumbles to dust.
g - a potion of resistance The kobold zombie hits you but does no damage.
The human zombie closely misses you. The hobgoblin zombie barely misses you.
The hobgoblin zombie closely misses you.
The goblin zombie closely misses you. The kobold zombie closely misses you.
The human zombie hits you.
* * * LOW HITPOINT WARNING * * *
The hobgoblin zombie closely misses you.
It was a potion of degeneration.
There was something very wrong with that liquid.
You feel weakened.
You feel dopey.
You feel clumsy.
The hobgoblin zombie hits you but does no damage.
The goblin zombie hits you but does no damage.
The kobold zombie misses you. The human zombie hits you.
* * * LOW HITPOINT WARNING * * *
The hobgoblin zombie hits you but does no damage.
The hobgoblin zombie barely misses you.
It was a potion of might.
You feel very mighty all of a sudden. The goblin zombie hits you.
* * * LOW HITPOINT WARNING * * *
The kobold zombie closely misses you.
The hobgoblin zombie hits you but does no damage.
The human zombie hits you!
You die...

#....................#
#....................#
#........8..8........#
#....................#
#...######..######...#
#...# #.^# #...# #...#
#..# #...#
#...#.####ZZ####.#...#
#...#.....ZZZ@ZZ.#...#
#...#.####.ZZZZ..#...#
#...# #.ZZZ...#...#
#...# #.......#...#
#...# #.∩.....#...#
#...# ....'####...#
#...# ##...#. #...#
#...# #...#.. #...#
#...##############...#


You could see 2 jackal zombies, 3 goblin zombies, 2 hobgoblin zombies, 4 kobold
zombies, an orc zombie, an elf zombie and a human zombie.

Vanquished Creatures
  A water moccasin (D:3)
  A black bear (D:3)
  An elf zombie (Ossuary)
  An elf skeleton (D:4)
  Ijyb (D:3)
  A human skeleton (D:4)
  2 mummies (Ossuary)
  2 adders (D:2)
  2 worms (D:3)
  A dart slug (D:3)
  4 bats
  5 endoplasms
  4 giant cockroaches
  5 hobgoblins
  4 quokkas
  3 ball pythons
  A frilled lizard (D:1)
  5 goblins
  8 hobgoblin zombies (Ossuary)
  7 kobolds
  8 kobold zombies (Ossuary)
  4 orc skeletons (D:4)
  6 orc zombies (Ossuary)
  5 rats
82 creatures vanquished.

Vanquished Creatures (others)
  5 demonic plants (D:1)
  3 withered plants (D:1)
8 creatures vanquished.

Grand Total: 90 creatures vanquished

Notes
Turn   | Place    | Note
-------+----------+-------------------------------------------
     0 | D:1      | sanboga the Ogre Berserker began the quest for the Orb.
     0 | D:1      | Reached XP level 1. HP: 24/24 MP: 1/1
    54 | D:1      | Reached XP level 2. HP: 23/32 MP: 2/2
   571 | D:1      | Found a faded altar of an unknown god.
   880 | D:2      | Reached XP level 3. HP: 37/40 MP: 3/3
  1229 | D:2      | Identified the +3 dagger of the Thirsty Allies {flame,
                  | SInv}
  1426 | D:3      | Noticed a water moccasin
  1431 | D:3      | Noticed a black bear
  1437 | D:3      | Reached XP level 4. HP: 32/49 MP: 4/4
  1441 | D:3      | Killed a black bear
  1442 | D:3      | Reached skill level 5 in Fighting
  1442 | D:3      | Reached XP level 5. HP: 36/57 MP: 5/5
  1770 | D:3      | Killed a water moccasin
  1771 | D:3      | Reached XP level 6. HP: 66/66 MP: 6/6
  1909 | D:3      | Noticed Ijyb
  1942 | D:3      | Killed Ijyb
  2143 | D:3      | Reached ** piety under Trog
  2602 | D:4      | Found a hide-covered altar of Uskayaw.
  2803 | D:4      | Reached skill level 5 in Maces & Flails
  2834 | D:4      | Found a sand-covered staircase.
  2843 | Ossuary  | Entered an ossuary
  3010 | Ossuary  | Upgraded the game from 0.29.1-13-g9f3cf754e1 to
                  | 0.29.1-14-g9c671dbff4
  3108 | Ossuary  | Reached skill level 6 in Fighting
  3108 | Ossuary  | Reached XP level 7. HP: 75/75 MP: 7/7
  3122 | Ossuary  | Slain by a human zombie

Illustrated notes

Levels and vault maps discovered:
D:1:      psy_arrival_spokes, layout_rooms, shapermc_ecumenical_altar_gd
D:2:      layout_rooms, minmay_pentomino_z4
D:3:      layout_basic, item_on_display_a, uniq_ijyb
D:4:      layout_loops_corners, kennysheep_mini, lemuel_crystal_altar,
          serial_bayou, serial_bayou_pond_e, serial_bayou_shore_a,
          serial_bayou_crossing, serial_bayou_lake_a,
          nicolae_ossuary_entry_catacombs, uniq_blork_the_orc,
          uniq_crazy_yiuf_cottage, uniq_duvessa
Ossuary:  ossuary_tomb_1

Skill      XL: |  1  2  3  4  5  6 |
---------------+-------------------+-----
Maces & Flails | 3 4 5 |  5.4
Dodging        | 3 4 |  4.2
Fighting       | 5 6 |  6.1

Action                   |  1- 3 |  4- 6 |  7- 9 || total
-------------------------+-------+-------+-------++-------
Melee: Mace              |   107 |   160 |    11 ||   278
       Punch             |     1 |     4 |       ||     5
Invok: Berserk           |       |     3 |       ||     3
  Use: Scroll            |       |     3 |     1 ||     4
       Potion            |       |       |     2 ||     2
 Stab: Sleeping          |     1 |       |       ||     1
Armor: Animal skin       |    24 |    59 |    23 ||   106
Dodge: Dodged            |    60 |   136 |    31 ||   227
